 Dungeon Crawl Stone Soup version 0.31-a0-188-g5e087ee2ca (webtiles) character file.

Game seed: 857018525655074339

8 qw the Shooter (level 2, 0/16 HPs)
             Began as a Deep Elf Hunter on June 22, 2023.
             Succumbed to a kobold's poison
             ... on level 1 of the Dungeon.
             The game lasted 00:00:04 (147 turns).

qw the Shooter (Deep Elf Hunter)                     Turns: 147, Time: 00:00:04

Health: 0/16       AC:  3    Str:  8    XL:     2   Next: 0%
Magic:  4/4        EV: 12    Int: 13    God:
Gold:   0          SH:  0    Dex: 18    Spells: 1/1 levels left

rFire   . . .        a - +0 shortbow
rCold   . . .        (shield currently unavailable)
rNeg    . . .        c - +0 leather armour
rPois   .            (no helmet)
rElec   .            (no cloak)
rCorr   .            (no gloves)
SInv    .            (no boots)
Will    .....        (no amulet)
Stlth   ++           (no ring)
HPRegen 0.22/turn    (no ring)
MPRegen 0.09/turn

%: no passive effects
@: lethally poisoned (0 -> -6)
A: no striking features
a: no special abilities


You were on level 1 of the Dungeon.
You visited 1 branch of the dungeon, and saw 1 of its levels.


   Skills:
 - Level 1.5 Fighting
 + Level 5.9 Ranged Weapons
 - Level 2.4 Dodging
 - Level 1.2 Stealth


You had one spell level left.
You didn't know any spells.
Your spell library was empty.

Inventory:

Hand Weapons
 a - a +0 shortbow (weapon)
Armour
 c - a +0 leather armour (worn)
Scrolls
 b - a scroll of butterflies
 d - a scroll of immolation {unknown}
 e - a scroll of noise {unknown}

Dungeon Overview and Level Annotations

Branches:
Dungeon (1/15)

Altars:


Message History

The goblin shouts!
You hear a shout! x2
Enter note: You shoot an arrow.
The arrow barely misses the goblin.
You hear a shout!
You shoot an arrow. The arrow barely misses the goblin.
You shoot an arrow. The arrow hits the goblin.
The goblin is heavily wounded.
A goblin comes into view. It is wielding a +0 dagger.
You shoot an arrow. The arrow barely misses the goblin.
You shoot an arrow.
The arrow hits the goblin but does no damage.
The goblin is heavily wounded.
A bat comes into view.
The goblin misses you.
You shoot an arrow. The arrow barely misses the goblin.
The goblin hits you with a +0 dagger.
A kobold comes into view.
It is wielding a +0 short sword of venom.
The goblin hits you with a +0 club. x2; The goblin closely misses you.
You shoot an arrow. The arrow barely misses the goblin.
The arrow hits the bat but does no damage.
The bat hits you. The goblin hits you but does no damage.
The goblin closely misses you.
You shoot an arrow. The arrow barely misses the goblin.
The bat barely misses you. The goblin closely misses you.
The goblin misses you.
You shoot an arrow. The arrow hits the goblin.
You kill the goblin!
The bat closely misses you.
A bat comes into view.
The bat hits you but does no damage. The goblin hits you but does no damage.
You have reached level 2!
You shoot an arrow.
The arrow hits the kobold but does no damage.
The bat hits you but does no damage. The goblin misses you.
The kobold hits you with a +0 short sword of venom.
You are lethally poisoned!
The bat hits you but does no damage. The kobold misses you.
The goblin misses you.
You shoot an arrow. The arrow hits the bat.
The bat is severely wounded.
You die...

8..# #.###.#
#.########.#
...# #.....#
#..%....##.#
<..# #.#.###
#######.##.#
#### #
#.#######
#.##.#
#.......#
#....#
#......%#
######
#....b..#
.#......b#
.......)@.#
#.......gK.#
##.##......#
#. ##.#####
#. #.. ##


You could see a goblin, 2 bats and a kobold.

Vanquished Creatures
  An endoplasm (D:1)
  2 goblins (D:1)
  3 ball pythons (D:1)
  A bat (D:1)
  A frilled lizard (D:1)
8 creatures vanquished.

Notes
Turn   | Place    | Note
-------+----------+-------------------------------------------
     0 | D:1      | qw the Deep Elf Hunter began the quest for the Orb.
     0 | D:1      | Reached XP level 1. HP: 12/12 MP: 3/3
     0 | D:1      | 0 ||| qw: Version: 0.3-a-9-g12657ce
     0 | D:1      | 0 ||| qw: Game counter: 2799
     0 | D:1      | 0 ||| qw: Always use a shield: true
     0 | D:1      | 0 ||| qw: God list: Okawaru
     0 | D:1      | 0 ||| qw: Allow faded altars: false
     0 | D:1      | 0 ||| qw: Do Orc after D:15 true
     0 | D:1      | 0 ||| qw: Do second Lair branch before Depths: true
     0 | D:1      | 0 ||| qw: Lair rune preference: random
     0 | D:1      | 0 ||| qw: Plans: Normal
     0 | D:1      | 0 ||| PLANNING D:1-11
   142 | D:1      | HP: 3/12 [goblin/+0 club (4)]
   146 | D:1      | Reached XP level 2. HP: 3/16 MP: 4/4
   147 | D:1      | Succumbed to a kobold's poison

Levels and vault maps discovered:
D:1:      minmay_arrival_solitary_statue, layout_basic

Action                     || total
---------------------------++-------
   Fire: Shortbow          ||    20
 Armour: Leather armour    ||     5
  Dodge: Dodged            ||    10

Table legend:
 A = Non-vault XP
 B = Vault XP
 C = Vault XP percentage of total XP
 D = Non-vault monster count
 E = Vault monster count
 F = Vault count percentage of total count
                 A         B        C        D         E       F
            +---------+---------+-------+---------+---------+-------
      Total |      12 |       0 |   0.0 |       8 |       0 |   0.0
            +---------+---------+-------+---------+---------+-------
        D:1 |      12 |       0 |   0.0 |       8 |       0 |   0.0
            +---------+---------+-------+---------+---------+-------
